TOP OF THE 1ST |
Bellevue Bruins batting - Pitching for Put-In-Bay BC : RHP Lance Hodges
|
Pitching: RHP Lance Hodges
|
|
Batting: SHB Jorge Ayala
|
0-0: Called Strike 0-1: Fly out, F7 (Flyball, 7S)
|
Batting: RHB Ramón Ramírez
|
0-0: Foul Ball, location: 2F 0-1: Swinging Strike 0-2: Ball 1-2: Strikes out swinging
|
Batting: SHB Aurelio Jiménez
|
0-0: Called Strike 0-1: Ball 1-1: Called Strike 1-2: Foul Ball, location: 2F 1-2: Ball 2-2: Strikes out swinging
|
Top of the 1st over - 0 run(s), 0 hit(s), 0 error(s), 0 left on base; Bellevue 0 - Put-In-Bay 0 |
BOTTOM OF THE 1ST |
Put-In-Bay BC batting - Pitching for Bellevue Bruins : RHP Loren Berdine
|
Pitching: RHP Loren Berdine
|
|
Batting: SHB Júlio Pérez
|
0-0: Ball 1-0: SINGLE (Line Drive, 7S)
|
Batting: RHB Mark Keys
|
0-0: Ball 1-0: Fly out, F9 (Flyball, 9LM)
|
Batting: LHB Tural Bishara
|
0-0: Ball 1-0: Called Strike Júlio Pérez steals 2nd base 1-1: Foul Ball, location: 2F 1-2: Strikes out swinging
|
Batting: RHB Alan McLennan
|
0-0: Ball 1-0: Fly out, F8 (Flyball, 78M)
|
Bottom of the 1st over - 0 run(s), 1 hit(s), 0 error(s), 1 left on base; Bellevue 0 - Put-In-Bay 0 |
TOP OF THE 2ND |
Bellevue Bruins batting - Pitching for Put-In-Bay BC : RHP Lance Hodges
|
Batting: RHB Alberto Lastaneda
|
0-0: Swinging Strike 0-1: Foul Ball, location: 2F 0-2: Ball 1-2: Strikes out swinging
|
Batting: LHB Lorenzo Díaz
|
0-0: SINGLE (Groundball, 56D)
|
Batting: RHB Miguel Elías
|
0-0: Ground out 6-3 (Groundball, 6S) Lorenzo Díaz to second
|
Batting: LHB David Muller
|
0-0: Swinging Strike 0-1: Swinging Strike 0-2: Strikes out swinging
|
Top of the 2nd over - 0 run(s), 1 hit(s), 0 error(s), 1 left on base; Bellevue 0 - Put-In-Bay 0 |
BOTTOM OF THE 2ND |
Put-In-Bay BC batting - Pitching for Bellevue Bruins : RHP Loren Berdine
|
Batting: SHB Eugene Clutch
|
0-0: Called Strike 0-1: Ball 1-1: Ball 2-1: Swinging Strike 2-2: Foul Ball, location: 2F 2-2: Strikes out looking
|
Batting: RHB Sameen Shaw
|
0-0: Called Strike 0-1: Fly out, F8 (Flyball, 8LS)
|
Batting: LHB Francisco Alfaro
|
0-0: Called Strike 0-1: Ball 1-1: Ball 2-1: Ball 3-1: Base on Balls
|
Batting: RHB Edgar Balerio
|
0-0: Ball 1-0: Foul Ball, location: 2F 1-1: Ball 2-1: Foul Ball, location: 2F 2-2: Ball 3-2: Foul Ball, location: 2F 3-2: Foul Ball, location: 2F 3-2: Ground out 5-3 (Groundball, 5L)
|
Bottom of the 2nd over - 0 run(s), 0 hit(s), 0 error(s), 1 left on base; Bellevue 0 - Put-In-Bay 0 |
TOP OF THE 3RD |
Bellevue Bruins batting - Pitching for Put-In-Bay BC : RHP Lance Hodges
|
Batting: RHB Carlos Cruz
|
0-0: Ball 1-0: Called Strike 1-1: Ball 2-1: Called Strike 2-2: Ball Error on foul ball, E2 3-2: Ground out 4-3 (Groundball, 4)
|
Batting: LHB Juan Romero
|
0-0: Fly out, F7 (Line Drive, 7S)
|
Batting: SHB Jorge Ayala
|
0-0: Ball 1-0: Ground out 4-3 (Groundball, 4)
|
Top of the 3rd over - 0 run(s), 0 hit(s), 1 error(s), 0 left on base; Bellevue 0 - Put-In-Bay 0 |
BOTTOM OF THE 3RD |
Put-In-Bay BC batting - Pitching for Bellevue Bruins : RHP Loren Berdine
|
Batting: RHB Ryan French
|
0-0: Swinging Strike 0-1: Foul Ball, location: 2F 0-2: Ball 1-2: Strikes out swinging
|
Batting: SHB Júlio Pérez
|
0-0: Ball 1-0: Ball 2-0: Called Strike 2-1: Called Strike 2-2: Foul Ball, location: 2F 2-2: Strikes out swinging
|
Batting: RHB Mark Keys
|
0-0: Called Strike 0-1: Swinging Strike 0-2: Strikes out swinging
|
Bottom of the 3rd over - 0 run(s), 0 hit(s), 0 error(s), 0 left on base; Bellevue 0 - Put-In-Bay 0 |
TOP OF THE 4TH |
Bellevue Bruins batting - Pitching for Put-In-Bay BC : RHP Lance Hodges
|
Batting: RHB Ramón Ramírez
|
0-0: SINGLE (Flyball, 78S)
|
Batting: SHB Aurelio Jiménez
|
0-0: Ball 1-0: Ball 2-0: Ball 3-0: Called Strike 3-1: Base on Balls Ramón Ramírez to second
|
Batting: RHB Alberto Lastaneda
|
0-0: Ball 1-0: Swinging Strike 1-1: Foul Ball, location: 2F 1-2: Foul Ball, location: 2F 1-2: Foul Ball, location: 2F 1-2: SINGLE (Flyball, 9S) Ramón Ramírez to third Aurelio Jiménez to second
|
Batting: LHB Lorenzo Díaz
|
0-0: Ball 1-0: Ball 2-0: Fly out, F7 (Flyball, 78D) Runner from 3rd tags up, SCORES, no throw
|
Batting: RHB Miguel Elías
|
0-0: Ball 1-0: Called Strike 1-1: Ball 2-1: Called Strike 2-2: Foul Ball, location: 2F 2-2: Strikes out looking
|
Batting: LHB David Muller
|
0-0: Called Strike 0-1: Ball 1-1: DOUBLE (Line Drive, 78M) Aurelio Jiménez scores Alberto Lastaneda to third Runner from 3rd tries for Home, throw and OUT!
|
Top of the 4th over - 2 run(s), 3 hit(s), 0 error(s), 1 left on base; Bellevue 2 - Put-In-Bay 0 |
BOTTOM OF THE 4TH |
Put-In-Bay BC batting - Pitching for Bellevue Bruins : RHP Loren Berdine
|
Batting: LHB Tural Bishara
|
0-0: Ball 1-0: Foul Ball, location: 2F 1-1: Ball 2-1: Foul Ball, location: 2F 2-2: Ground out U3 (Groundball, 3)
|
Batting: RHB Alan McLennan
|
0-0: Called Strike 0-1: Ball 1-1: Called Strike 1-2: Foul Ball, location: 2F 1-2: Foul Ball, location: 2F 1-2: Ball 2-2: Strikes out swinging
|
Batting: SHB Eugene Clutch
|
0-0: Called Strike 0-1: Ball 1-1: Ground out U3 (Groundball, 34)
|
Bottom of the 4th over - 0 run(s), 0 hit(s), 0 error(s), 0 left on base; Bellevue 2 - Put-In-Bay 0 |
TOP OF THE 5TH |
Bellevue Bruins batting - Pitching for Put-In-Bay BC : RHP Lance Hodges
|
Batting: RHB Carlos Cruz
|
0-0: Ball 1-0: Called Strike 1-1: Swinging Strike 1-2: Ball 2-2: SINGLE (Line Drive, 6MD)
|
Batting: LHB Juan Romero
|
0-0: Bunted foul 0-1: Sac Bunt - play at first, batter OUT! 1-4 Carlos Cruz to second
|
Batting: SHB Jorge Ayala
|
0-0: Called Strike 0-1: Called Strike 0-2: Ball 1-2: Foul Ball, location: 2F 1-2: Ball 2-2: Foul Ball, location: 2F 2-2: Foul Ball, location: 2F 2-2: Foul Ball, location: 2F 2-2: Ground out 6-3 (Groundball, 6) Carlos Cruz to third
|
Batting: RHB Ramón Ramírez
|
0-0: Ground out 6-3 (Groundball, 6S)
|
Top of the 5th over - 0 run(s), 1 hit(s), 0 error(s), 1 left on base; Bellevue 2 - Put-In-Bay 0 |
BOTTOM OF THE 5TH |
Put-In-Bay BC batting - Pitching for Bellevue Bruins : RHP Loren Berdine
|
Batting: RHB Sameen Shaw
|
0-0: Ball 1-0: Called Strike 1-1: Ball 2-1: Fly out, F9 (Flyball, 9LM)
|
Batting: LHB Francisco Alfaro
|
0-0: Called Strike 0-1: Ball 1-1: Ball 2-1: Ball 3-1: Foul Ball, location: 2F 3-2: Ground out 4-3 (Groundball, 4)
|
Batting: RHB Edgar Balerio
|
0-0: Ground out 2-3 (Groundball, 2L)
|
Bottom of the 5th over - 0 run(s), 0 hit(s), 0 error(s), 0 left on base; Bellevue 2 - Put-In-Bay 0 |
TOP OF THE 6TH |
Bellevue Bruins batting - Pitching for Put-In-Bay BC : RHP Lance Hodges
|
Batting: SHB Aurelio Jiménez
|
0-0: Ball 1-0: Ball 2-0: SINGLE (Flyball, 7S)
|
Batting: RHB Alberto Lastaneda
|
0-0: Ball 1-0: Called Strike 1-1: SINGLE (Line Drive, 3) Aurelio Jiménez to second Runner from 2nd tries for 3rd, OUT! Alberto Lastaneda to second
|
Batting: LHB Lorenzo Díaz
|
0-0: Fly out, F7 (Flyball, 7LS)
|
Batting: RHB Miguel Elías
|
0-0: Ball 1-0: Foul Ball, location: 2F 1-1: Called Strike 1-2: Strikes out swinging
|
Top of the 6th over - 0 run(s), 2 hit(s), 0 error(s), 1 left on base; Bellevue 2 - Put-In-Bay 0 |
BOTTOM OF THE 6TH |
Put-In-Bay BC batting - Pitching for Bellevue Bruins : RHP Loren Berdine
|
Batting: RHB Ryan French
|
0-0: Ball 1-0: Ball 2-0: Ball 3-0: Base on Balls
|
Batting: SHB Júlio Pérez
|
0-0: Bunted foul 0-1: Bunted foul 0-2: Ball 1-2: Ball 2-2: Reached on error, E6 (Groundball, 6) Ryan French to second
|
Batting: RHB Mark Keys
|
0-0: Ball 1-0: Bunted foul 1-1: Ball 2-1: Ball 3-1: Ball Ryan French to third Júlio Pérez to second
|
Batting: LHB Tural Bishara
|
0-0: Called Strike 0-1: Ball 1-1: SINGLE (Line Drive, 34) Ryan French scores Júlio Pérez to third Mark Keys to second
|
Batting: RHB Alan McLennan
|
0-0: Called Strike 0-1: Ball 1-1: Fly out, F8 (Flyball, 8RS)
|
Batting: SHB Eugene Clutch
|
0-0: Called Strike 0-1: Foul Ball, location: 2F 0-2: Ball 1-2: Strikes out looking
|
Batting: RHB Sameen Shaw
|
0-0: Ball 1-0: Ball 2-0: Swinging Strike 2-1: Foul Ball, location: 2F 2-2: Strikes out swinging
|
Bottom of the 6th over - 1 run(s), 1 hit(s), 1 error(s), 3 left on base; Bellevue 2 - Put-In-Bay 1 |
TOP OF THE 7TH |
Bellevue Bruins batting - Pitching for Put-In-Bay BC : RHP Lance Hodges
|
Batting: LHB David Muller
|
0-0: Ball 1-0: Swinging Strike 1-1: Swinging Strike 1-2: Ball 2-2: Fly out, F9 (Flyball, 89M)
|
Batting: RHB Carlos Cruz
|
0-0: Ball 1-0: Swinging Strike 1-1: Called Strike 1-2: Ball 2-2: DOUBLE (Line Drive, 78M)
|
Pinch Hitting: LHB Jim Unknown
|
0-0: Intentional Walk
|
Pitching: RHP Esteban Ramos
|
|
Pinch Hitting: RHB Jim Unknown
|
0-0: Called Strike 0-1: Ball 1-1: SINGLE (Line Drive, 34D) Carlos Cruz to third Jim Unknown to second
|
Pinch Hitting: RHB Jim Unknown
|
0-0: Called Strike 0-1: Ball 1-1: Swinging Strike 1-2: Foul Ball, location: 2F 1-2: Ball 2-2: SINGLE (Flyball, 9LS) Carlos Cruz scores Jim Unknown to third Jim Unknown to second Runner from 3rd tries for Home, SAFE, no throw
|
Batting: SHB Aurelio Jiménez
|
0-0: Called Strike 0-1: Ground out 6-3 (Groundball, 6S) Jim Unknown to third Jim Unknown to second
|
Batting: RHB Alberto Lastaneda
|
0-0: Called Strike 0-1: Ball 1-1: Foul Ball, location: 2F 1-2: Foul Ball, location: 2F 1-2: Ball 2-2: Ball 3-2: Base on Balls
|
Batting: LHB Lorenzo Díaz
|
0-0: Foul Ball, location: 2F 0-1: Foul Ball, location: 2F 0-2: Fielders Choice at 2nd, 5-4 (Groundball, 56)
|
Top of the 7th over - 2 run(s), 3 hit(s), 0 error(s), 2 left on base; Bellevue 4 - Put-In-Bay 1 |
BOTTOM OF THE 7TH |
Put-In-Bay BC batting - Pitching for Bellevue Bruins : RHP Loren Berdine
|
Now at 1B: Jim Unknown
|
|
Now in LF: Jim Unknown
|
|
Now in RF: Jim Unknown
|
|
Batting: LHB Francisco Alfaro
|
0-0: Ball 1-0: Ball 2-0: Called Strike 2-1: Ball 3-1: Foul Ball, location: 2F 3-2: Foul Ball, location: 2F 3-2: Strikes out swinging
|
Batting: RHB Edgar Balerio
|
0-0: Fly out, F9 (Flyball, 89M)
|
Batting: RHB Ryan French
|
0-0: Called Strike 0-1: Ball 1-1: Ball 2-1: Fly out, F7 (Flyball, 7S)
|
Bottom of the 7th over - 0 run(s), 0 hit(s), 0 error(s), 0 left on base; Bellevue 4 - Put-In-Bay 1 |
TOP OF THE 8TH |
Bellevue Bruins batting - Pitching for Put-In-Bay BC : RHP Esteban Ramos
|
Batting: RHB Miguel Elías
|
0-0: Foul Ball, location: 2F 0-1: Swinging Strike 0-2: Strikes out swinging
|
Batting: LHB David Muller
|
0-0: Called Strike 0-1: SINGLE (Groundball, 25) (infield hit)
|
Batting: RHB Carlos Cruz
|
0-0: Foul Ball, location: 2F 0-1: Foul Ball, location: 2F 0-2: Strikes out looking David Muller steals 2nd base Batter strikes out.
|
Batting: LHB Jim Unknown
|
0-0: Ball 1-0: Swinging Strike 1-1: Foul Ball, location: 2F 1-2: Strikes out looking
|
Top of the 8th over - 0 run(s), 1 hit(s), 0 error(s), 1 left on base; Bellevue 4 - Put-In-Bay 1 |
BOTTOM OF THE 8TH |
Put-In-Bay BC batting - Pitching for Bellevue Bruins : RHP Loren Berdine
|
Pitching: RHP Alfonso Santa Maria
|
|
Batting: SHB Júlio Pérez
|
0-0: Called Strike 0-1: Ball 1-1: Swinging Strike 1-2: Strikes out swinging
|
Batting: RHB Mark Keys
|
0-0: Ball 1-0: Called Strike 1-1: Foul Ball, location: 2F 1-2: Ball 2-2: SINGLE (Groundball, 4MD)
|
Pitching: RHP Raúl Colón
|
|
Batting: LHB Tural Bishara
|
0-0: Ball 1-0: Ball 2-0: Grounds into double play, 6-4-3 (Groundball, 6M)
|
Bottom of the 8th over - 0 run(s), 1 hit(s), 0 error(s), 0 left on base; Bellevue 4 - Put-In-Bay 1 |
TOP OF THE 9TH |
Bellevue Bruins batting - Pitching for Put-In-Bay BC : RHP Esteban Ramos
|
Batting: RHB Jim Unknown
|
0-0: Called Strike 0-1: Swinging Strike 0-2: Ball 1-2: Strikes out swinging
|
Batting: RHB Jim Unknown
|
0-0: Called Strike 0-1: Hit by Pitch
|
Batting: SHB Aurelio Jiménez
|
0-0: Swinging Strike 0-1: Foul Ball, location: 2F 0-2: Strikes out swinging
|
Batting: RHB Alberto Lastaneda
|
0-0: Called Strike 0-1: Called Strike 0-2: Foul Ball, location: 2F 0-2: Ball 1-2: Foul Ball, location: 2F 1-2: Ball 2-2: Foul Ball, location: 2F 2-2: Reached on error, E4 (Groundball, 4) Jim Unknown to second
|
Pitching: RHP Félix Santiago
|
|
Batting: LHB Lorenzo Díaz
|
0-0: Called Strike 0-1: SINGLE (Groundball, 6MD) Jim Unknown to third Alberto Lastaneda to second Runner from 3rd tries for Home, SAFE, no throw
|
Batting: RHB Miguel Elías
|
0-0: Ball 1-0: Called Strike 1-1: Foul Ball, location: 2F 1-2: Strikes out swinging
|
Top of the 9th over - 1 run(s), 1 hit(s), 1 error(s), 2 left on base; Bellevue 5 - Put-In-Bay 1 |
BOTTOM OF THE 9TH |
Put-In-Bay BC batting - Pitching for Bellevue Bruins : RHP Raúl Colón
|
Batting: RHB Alan McLennan
|
0-0: Ball 1-0: Foul Ball, location: 2F 1-1: Ground out 5-3 (Groundball, 56)
|
Batting: SHB Eugene Clutch
|
0-0: SINGLE (Groundball, 6D)
|
Batting: RHB Sameen Shaw
|
0-0: Ball 1-0: Fly out, F8 (Flyball, 8RS)
|
Batting: LHB Francisco Alfaro
|
0-0: Ball 1-0: Called Strike 1-1: Ball 2-1: Ground out 3-1 (Groundball, 34)
|
Bottom of the 9th over - 0 run(s), 1 hit(s), 0 error(s), 1 left on base; Bellevue 5 - Put-In-Bay 1 |
|